Zazza, neutral female human Tourist ------- |.....| ------------ --------------- |.....| |..........%######|.............| #-.....| |.....{....| |.............| ###|.....| |..........| #..............| # --.---- |...........######|.............| ### # |..........| ###-............<.###################### # |..........|######---------------# # -----------# # ------------ ###########################`|.........|# # # #|.........|# ####|>........|############# ##|.........(# -.-.-.-|-- ##..........| |........| #----------- |........| #G@########## |........| |........| ---------- Zazza the Rambler Experience level: 1 Strength: 10 Dexterity: 11 Constitution: 15 Intelligence: 13 Wisdom: 9 Charisma: 18 Health: 0(10) Energy: 2(2) Def: 0 Gold: 1668 Moves: 2341 Dungeon seed: mK3E3hDHIRBQO7fh Game ID: Zazza_1599063689 Your Inventory: Coins $ - 1668 gold pieces Weapons a - 38 +2 darts (in quiver) o - a +0 elven bow r - a +0 crossbow s - a +0 dwarvish mattock A - a +0 sling G - a cursed -1 elven dagger (weapon in hand) K - a +0 sling R - a +0 bow Armor e - an uncursed +0 Hawaiian shirt (being worn) y - a cursed -6 pair of gauntlets of fumbling z - an uncursed +0 orcish helm N - an uncursed +0 orcish helm Y - an uncursed +0 orcish helm Comestibles c - 3 uncursed food rations d - 2 uncursed eggs i - an uncursed slime mold t - an uncursed orange Scrolls k - 2 uncursed scrolls of magic mapping q - a cursed scroll of identify u - a blessed scroll of remove curse C - an uncursed scroll of remove curse I - a cursed scroll of stinking cloud L - a blessed scroll of gold detection O - a blessed scroll of teleportation Spellbooks v - an uncursed spellbook of magic missile Potions j - 2 uncursed potions of extra healing F - a blessed potion of see invisible P - an uncursed potion of levitation Wands p - a wand of magic missile (0:4) Q - a wand of make invisible (0:6) Tools l - an expensive camera (0:36) m - an uncursed credit card n - a magic marker (0:85) Gems B - an uncursed worthless piece of yellowish brown glass D - an uncursed citrine stone J - 2 uncursed worthless pieces of violet glass Spells and supernatural/magical abilities: Name Level Category Fail Memory m - magic missile 2 attack 100% 92% W - pray for help -- divine ? -- Your skills at the end: Fighting Skills Weapon Skills dart [Basic] Spellcasting Skills Final Attributes: You were nominally aligned. You were lucky. You are dead. Vanquished creatures: a floating eye an iguana an acid blob 3 hobbits a brown mold a yellow mold a green mold 3 gnomes 3 geckos 2 jackals 2 kobolds 5 goblins a sewer rat 7 grid bugs 2 lichens a kobold zombie 6 newts 41 creatures vanquished. Voluntary challenges: You were an atheist. You never hit with a wielded weapon. You were a pacifist. You read items or engraved 9 times, starting on turn 51. You never genocided any monsters. You never polymorphed an object. You never changed form. You used no wishes. You never split a pudding. You wrote Elbereth's name 2 times, starting on turn 51. You never violated your personal moral code. Dungeon overview: The Dungeons of Doom: levels 1 to 6 Level 1 a long staircase Level 2 some fountains Level 3 some fountains a long staircase Level 4 a fountain Level 5 a fountain Level 6 <- You were here a fountain History has recorded: On T:1 you entered the Dungeons of Doom to retrieve the Amulet of Yendor! On T:515 you reached level 2 of The Dungeons of Doom. On T:911 you reached level 3 of The Dungeons of Doom. On T:1340 you reached level 4 of The Dungeons of Doom. On T:1679 you reached level 5 of The Dungeons of Doom. On T:1978 you reached level 6 of The Dungeons of Doom. Score breakdown: Gold: 682 ( 9641 points) Experience: 1 level ( 0 points) Exploration: 6 levels ( 12.50%) ( 9784 points) Discoveries: 2 items ( 0.67%) ( 2457 points) Valuables value: (no points given unless you survive) Artifact value: 0 ( 0 points) Variety of kills: 17 monsters ( 4.46%) ( 6336 points) Turncount: 2341 turns ( -233 points) Survival: died (score multiplied by 80%) Total score: 22388 Latest messages: Armand drops a bow. You displace Armand. You see here a bow. You have a little trouble lifting R - a bow. Your movements are slowed slightly because of your load. That food really hit the spot! You finish eating the food ration. You displace Armand. You stop. Armand is in the way! The kobold hits! (3x) Armand bites the kobold. The kobold is killed! Armand drops a kobold corpse. You displace Armand. There is a doorway here. You see here a kobold corpse. You displace Armand. With great effort you move the boulder. You displace Armand. You are hit by a crossbow bolt. (2x) The gnome swings her crossbow. The gnome hits! You die... Final status: Aloha Zazza the Tourist, killed by a gnome... You died in The Dungeons of Doom on dungeon level 6 with 22388 points, and 1668 pieces of gold, after 2341 moves. You were level 1 with a maximum of 10 hit points when you died.